AoeStats
← [Massa] Edo

African Clearing

506969298Analyzed
3v3 RM · 15d ago on Sep 16, 2026· 40m 5s· 6 players
Game mode
Random Map
Map size
Normal (6 player)
Population
200
Speed
Normal
Resources
Standard
Victory
Conquest
Starting age
Dark Age
Ending age
Imperial Age
RankedLock teamsTeams togetherTeam positionsShared explorationLock speedFull tech treeHidden civsTurbo modeCheats
Victory
Defeat
🇺🇸 Mapuche · United States
1469
+14
🇧🇷 Mongols · Brazil
1465
+14
🇧🇷 Byzantines · Brazil
1402
+16
🇦🇷 Persians · Argentina
1438
-16
🇦🇷 Mapuche · Argentina
1432
-15
🇦🇷 Malians · Argentina
1371
-13
Leonardo il Lombardo
10:18 Loom
12:53 Feudal Age
17:17 Castle Age
16:19 Double-Bit Axe
16:15 Horse Collar
16:41 Gold Mining
17:16 Forging
19:41 Bow Saw
24:45 Squires
24:53 Arson
36:06 Wheelbarrow
38:32 Imperial Age
37:00 Fletching
37:18 Scale Barding Armor
37:40 Bodkin Arrow
38:25 Padded Archer Armor
37:52 Elite Skirmisher
38:46 Thumb Ring
38:45 Husbandry
Elian
4:32 Loom
14:33 Feudal Age
20:28 Castle Age
26:20 Scale Barding Armor
26:39 Double-Bit Axe
26:47 Horse Collar
28:37 Bow Saw
31:29 Heavy Plow
31:49 Bloodlines
32:34 Wheelbarrow
34:55 Hand Cart
34:30 Town Watch
35:04 Forging
37:35 Imperial Age
35:45 Gold Mining
35:46 Stone Mining
37:10 Padded Archer Armor
37:00 Fletching
37:45 Chain Barding Armor
38:01 Iron Casting
37:46 Chain Barding Armor
38:01 Iron Casting
37:21 Cavalier
38:02 Husbandry
38:36 Conscription
38:17 Husbandry
39:29 Plate Barding Armor
38:47 Savar
40:45 Blast Furnace
momoferto
13:38 Feudal Age
12:24 Loom
17:51 Castle Age
17:19 Fletching
18:32 Bodkin Arrow
20:27 Padded Archer Armor
31:10 Leather Archer Armor
33:41 Wheelbarrow
38:38 Ballistics
[Massa] Edo
5:17 Loom
12:32 Feudal Age
16:33 Castle Age
14:27 Double-Bit Axe
15:06 Horse Collar
17:28 Bow Saw
22:44 Heavy Plow
24:00 Gold Mining
24:28 Stone Mining
24:37 Fletching
26:11 Bodkin Arrow
27:11 Husbandry
27:22 Bloodlines
27:49 Ballistics
28:12 Wheelbarrow
27:58 Padded Archer Armor
28:49 Thumb Ring
29:48 Leather Archer Armor
35:27 Imperial Age
34:11 Gold Shaft Mining
35:13 Stone Shaft Mining
37:29 Chemistry
36:30 Bracer
37:03 Parthian Tactics
37:26 Conscription
37:38 Hand Cart
40:44 Siege Engineers
40:35 Murder Holes
el_Feist
3:57 Loom
12:50 Feudal Age
17:44 Castle Age
16:08 Double-Bit Axe
16:27 Horse Collar
17:23 Fletching
20:20 Bodkin Arrow
21:57 Padded Archer Armor
26:17 Leather Archer Armor
29:56 Malon
30:34 Ballistics
tg
12:28 Feudal Age
13:15 Double-Bit Axe
20:42 Castle Age
21:24 Forging
21:13 Light Cavalry
21:53 Husbandry
22:00 Scale Barding Armor
24:04 Bow Saw
23:35 Horse Collar
24:31 Wheelbarrow
25:08 Loom
25:26 Fletching
26:06 Bodkin Arrow
27:32 Padded Archer Armor
30:18 Hand Cart
32:25 Leather Archer Armor
31:31 Elite Skirmisher
32:50 Ballistics
35:50 Heavy Plow
39:07 Imperial Age
37:15 Gold Mining
37:15 Stone Mining
38:49 Thumb Ring
40:08 Bracer
40:38 Ring Archer Armor
41:10 Chemistry
Connection lost

Rejoining the realm…

Still unreachable

The connection could not be restored.

Session expired

The server has moved on; the page needs a fresh start.